Map: Línea Aguablanca EE

Players

MrFercho

  • Race: Zerg Zerg
  • League: Silver
  • Spawn Location: 1:00

tigro

  • Race: Terran Terran
  • League: Bronze
  • Spawn Location: 1:00

TATORREA

  • Race: Protoss Protoss
  • League: Gold
  • Spawn Location: 12:00

EnTaroTofu

  • Race: Protoss Protoss
  • League: Platinum
  • Spawn Location: 7:00

Oriius

  • Race: Terran Terran
  • Spawn Location: 7:00

Osteoporosis

  • Race: Protoss Protoss
  • Spawn Location: 6:00

VOD

Have the link to the VOD?

Description

Time

  • Played on: July 18, 2020, 8:59 p.m.
  • Length: 16:59
Show
View Real Time Build Order
Export as new Build Order

MrFercho Zerg 

Build Orders: Hatch First, Lurkers 

Get SALT Encoding   

  12  0:01  Drone  
  13  0:13  Overlord  
  13  0:17  Drone  
  14  0:31  Drone x2  
  16  0:53  Drone  
  16  0:56  Hatchery  
  16  0:57  Drone  
  17  1:07  Drone  
  18  1:11  Extractor  
  17  1:21  Spawning Pool, Drone  
  17  1:25  Drone  
  18  1:29  Drone  
  19  1:41  Overlord  
  19  1:50  Drone  
  20  2:02  Drone  
  20  2:08  Queen x2  
  21  2:10  Drone  
  21  2:12  Drone  
  27  2:17  Metabolic Boost  
  27  2:19  Drone  
  27  2:22  Drone  
  29  2:34  Zergling x4  
  31  2:42  Overlord  
  31  2:43  Drone  
  32  2:46  Queen  
  34  2:54  Lair  
  34  2:56  Drone  
  34  2:57  Drone  
  36  3:22  Baneling Nest, Drone x8  
  43  3:33  Extractor  
  43  3:34  Extractor  
  41  3:39  Zergling x6  
  44  3:54  Zergling x2  
  43  4:18  Drone  
  43  4:20  Overlord x3  
  43  4:21  Overlord x2  
  42  4:51  Queen  
  40  4:57  Spine Crawler  
  38  5:03  Zergling x2  
  38  5:04  Zergling x22  
  50  5:50  Centrifical Hooks  
  50  5:52  Drone  
  50  5:53  Drone x9  
  60  6:09  Drone  
  61  6:23  Hydralisk Den  
  61  6:24  Hatchery  
  59  6:31  Spine Crawler  
  58  6:39  Spore Crawler  
  57  7:04  Baneling x5  
  57  7:05  Baneling x9  
  57  7:07  Hydralisk x12  
  57  7:08  Hydralisk  
  83  7:14  Overseer  
  83  7:17  Extractor  
  82  7:35  Hatchery  
  82  7:36  Lurker Den  
  80  7:39  Drone x5  
  80  7:40  Drone x3  
  80  7:42  Queen  
  90  7:49  Grooved Spines  
  90  8:06  Evolution Chamber x2  
  88  8:14  Pneumatized Carapace  
  88  8:25  Overlord x4  
  88  8:26  Overlord x5  
  88  8:31  Zerg Missile Weapons Level 1  
  88  8:33  Zerg Ground Armor Level 1  
  88  8:54  Infestation Pit  
  87  8:57  Drone x3  
  87  9:00  Muscular Augments, Drone x5  
  87  9:01  Drone x4  
  99  9:05  Extractor  
  99  9:07  Extractor  
  99  9:09  Spore Crawler  
  96  9:12  Drone x3  
  96  9:13  Spine Crawler, Drone x2  
  100  9:17  Spine Crawler  
  81  9:48  Drone x11  
  81  9:49  Drone x4  
  81  9:50  Queen  
  98  9:58  Spine Crawler  
  97  10:00  Spine Crawler  
  97  10:06  Spine Crawler  
  95  10:34  Hive  
  95  10:48  Hydralisk x13, Spire  
  87  11:11  Hydralisk  
  87  11:12  Hydralisk x7  
  103  11:39  Lurker x5  
  112  11:40  Lurker x4  
  112  11:42  Hydralisk x3  
  112  11:45  Zergling x12  
  112  11:46  Zergling x2  
  119  12:04  Seismic Spines  
  119  12:06  Hydralisk  
  119  12:07  Hydralisk  
  121  12:15  Baneling  
  121  12:16  Baneling x5  
  121  12:17  Zergling x2  
  121  12:18  Zergling x12  
  122  12:41  Hydralisk x7  
  118  13:01  Adaptive Talons  
  101  13:12  Zergling x2  
  101  13:13  Zergling x34  
  115  13:27  Zerg Missile Weapons Level 2  
  115  13:54  Overseer x4  
  115  14:01  Lurker x6  
  115  14:02  Lurker  
  122  14:16  Zergling x16  
  122  14:17  Zergling x2  
  72  15:05  Baneling x3  
  72  15:06  Baneling x15, Hydralisk x3  
  69  16:07  Extractor, Hatchery  
  67  16:11  Extractor  
  67  16:15  Corruptor  
  67  16:16  Corruptor  
Show
View Real Time Build Order
Export as new Build Order

tigro Terran 

Build Orders:  

Get SALT Encoding   

  12  0:01  SCV  
  13  0:14  SCV  
  14  0:23  Supply Depot  
  14  0:26  SCV  
  15  0:35  Refinery  
  15  0:45  SCV  
  15  0:48  Barracks  
  16  0:57  SCV  
  16  0:59  Refinery  
  17  1:13  SCV  
  18  1:25  SCV  
  19  1:37  Barracks Tech Lab, SCV  
  20  1:44  Factory  
  20  1:49  SCV  
  21  1:57  Supply Depot  
  21  2:01  SCV  
  22  2:14  SCV  
  23  2:28  Orbital Command  
  23  2:50  Barracks Tech Lab  
  23  2:52  Starport, Siege Tank  
  26  3:24  Siege Tank  
  29  3:30  Command Center  
  29  3:46  Marine  
  30  3:53  Medivac  
  32  4:04  Marine  
  33  4:22  Marine  
  34  4:32  Starport Tech Lab  
  34  4:35  Barracks  
  34  4:40  Marine  
  35  4:57  Marine  
  33  5:42  Starport  
  33  5:57  Refinery  
  33  5:58  SCV  
  33  6:03  Barracks Reactor  
  34  6:06  Combat Shield  
  34  6:10  SCV  
  35  6:21  Engineering Bay  
  35  6:22  SCV  
  35  6:23  Starport Tech Lab  
  36  6:34  SCV  
  36  6:36  Marine  
  38  6:43  Marine  
  38  6:44  Marine  
  38  6:46  SCV  
  41  6:54  Marine  
  42  7:01  Marine  
  42  7:02  Marine  
  42  7:06  SCV  
  45  7:11  Marine  
  45  7:14  Refinery  
  46  7:18  SCV  
  46  7:19  Marine x2  
  49  7:24  Siege Tank  
  49  7:25  Stimpack  
  49  7:28  Terran Infantry Weapons Level 1  
  49  7:29  Marine  
  53  7:30  SCV  
  53  7:37  Marine x2, Fusion Core  
  54  7:42  SCV  
  57  7:47  Marine  
  58  7:54  SCV  
  59  8:06  SCV  
  60  8:18  SCV  
  61  8:24  Armory  
  61  8:30  Weapon Refit, SCV  
  62  9:13  Supply Depot  
  62  9:22  Terran Infantry Armor Level 1  
  62  9:35  Battlecruiser, SCV  
  62  9:37  Supply Depot  
  69  9:47  SCV  
  70  9:59  Battlecruiser, SCV  
  77  10:10  Rapid Reignition System  
  77  10:11  SCV  
  77  10:14  Missile Turret  
  78  10:23  SCV  
  79  10:36  Missile Turret  
  82  10:59  Missile Turret  
  82  11:02  Thor  
  85  11:17  Hi-Sec Auto Tracking  
  62  11:28  Battlecruiser x2  
  68  11:40  Marine  
  68  11:41  Marine x2  
  68  11:45  Thor  
  77  11:58  Marine  
  77  11:59  Marine x2  
  80  12:13  Neosteel Armor  
  80  12:16  Marine x3  
  83  12:28  Thor  
  89  12:32  Medivac  
  89  12:34  Marine x3  
  94  12:38  Missile Turret  
  91  12:52  Marine x3  
  92  12:59  Missile Turret  
  92  13:02  Medivac  
  94  13:14  Marine x3  
  94  13:16  Thor  
  94  13:17  Battlecruiser  
  87  13:22  Missile Turret  
  81  13:32  Marine x3  
  84  13:34  Terran Vehicle Weapons Level 1  
  84  13:43  Missile Turret  
  84  13:49  Marine  
  84  13:50  Marine x2  
  84  13:53  Terran Infantry Weapons Level 2  
  87  13:58  Thor  
  93  14:06  Missile Turret  
  93  14:07  Marine  
  94  14:28  Marine  
  94  14:29  Marine x2  
  94  14:30  Battlecruiser  
  94  14:31  Battlecruiser  
  78  14:46  Marine x2  
  78  14:47  Marine  
  81  15:04  Marine x3  
  78  15:22  Marine x2  
  77  15:34  Battlecruiser  
  77  15:35  Battlecruiser  
  85  15:40  Marine  
  65  16:15  Orbital Command  
Show
View Real Time Build Order
Export as new Build Order

TATORREA Protoss 

Build Orders:  

Get SALT Encoding   

  12  0:01  Probe  
  13  0:13  Probe  
  14  0:24  Pylon  
  15  0:28  Probe  
  15  0:42  Probe  
  16  0:52  Gateway  
  16  0:54  Probe  
  17  1:02  Pylon, Probe  
  17  1:06  Assimilator  
  17  1:12  Probe  
  18  1:24  Probe  
  19  1:36  Probe  
  20  1:45  Nexus  
  20  1:53  Probe  
  21  1:54  Cybernetics Core  
  21  2:05  Assimilator, Probe  
  22  2:12  Pylon  
  22  2:17  Probe  
  22  2:19  Zealot  
  25  2:26  Probe  
  26  2:34  Probe  
  26  2:37  Warp Gate  
  26  2:44  Probe  
  28  2:51  Stargate  
  28  2:56  Probe  
  28  2:57  Zealot  
  31  3:00  Probe  
  32  3:08  Probe  
  32  3:10  Probe  
  34  3:15  Assimilator  
  34  3:16  Probe  
  34  3:18  Probe  
  34  3:19  Assimilator  
  34  3:24  Probe  
  34  3:26  Probe  
  38  3:34  Probe  
  38  3:38  Probe  
  40  3:46  Probe  
  41  3:50  Probe  
  41  3:54  Probe  
  38  4:02  Probe  
  32  4:03  Probe  
  32  4:11  Probe x2  
  34  4:28  Probe x2  
  34  4:30  Void Ray, Fleet Beacon  
  40  5:07  Phoenix  
  42  5:53  Carrier, Probe  
  42  5:57  Probe  
  42  6:02  Probe  
  50  6:09  Probe  
  52  6:14  Probe  
  52  6:15  Stargate x2  
  53  6:18  Pylon  
  53  6:21  Protoss Air Weapons Level 1, Probe  
  53  6:22  Pylon  
  54  6:33  Probe  
  54  6:36  Probe  
  54  6:45  Probe  
  55  7:00  Probe x2  
  57  7:12  Probe  
  57  7:13  Probe  
  59  7:31  Fleet Beacon  
  59  7:32  Pylon  
  59  7:36  Pylon  
  59  7:42  Pylon  
  59  7:44  Twilight Council  
  59  7:45  Forge  
  59  7:48  Forge  
  59  7:49  Forge  
  59  8:01  Nexus  
  59  8:04  Pylon  
  59  8:06  Pylon  
  59  8:12  Protoss Air Armor Level 1, Nexus  
  59  8:13  Pylon  
  59  8:16  Pylon, Cybernetics Core  
  59  8:21  Pylon x2  
  59  8:23  Tempest, Pylon  
  59  8:24  Carrier  
  59  8:25  Pylon  
  70  8:29  Pylon  
  70  8:32  Carrier  
  76  8:44  Probe x2  
  78  8:55  Protoss Air Weapons Level 2  
  78  8:56  Probe x2  
  80  9:06  Tempest  
  80  9:09  Probe x2  
  87  9:21  Probe x2  
  85  9:28  Tempest  
  90  9:36  Carrier  
  96  9:58  Carrier  
  102  10:10  Tempest  
  102  10:12  Robotics Facility  
  107  10:17  Probe x2  
  103  10:27  Assimilator  
  99  10:29  Assimilator  
  99  10:36  Assimilator  
  99  10:43  Assimilator  
  76  11:26  Gateway  
  76  11:33  Gateway  
  76  11:35  Gateway  
  76  11:36  Gateway  
  76  11:38  Gateway  
  76  11:41  Gateway x2, Pylon  
  76  11:44  Gateway  
  76  11:45  Gateway  
  59  11:47  Gateway  
  59  11:49  Probe x3  
  57  11:57  Gateway  
  52  12:05  Stalker  
  54  12:17  Probe  
  54  12:18  Probe x2  
  49  12:31  Stalker x3  
  48  12:44  Anion Pulse-Crystals  
  48  12:49  Phoenix x2  
  48  12:50  Phoenix  
  49  13:08  Charge, Probe  
  49  13:09  Probe x2  
  49  13:11  Observer  
  53  13:14  Phoenix x2  
  53  13:15  Phoenix, Zealot  
  53  13:16  Zealot x2  
  65  13:25  Probe  
  65  13:26  Probe x2  
  68  13:39  Probe x3, Phoenix x2  
  75  13:51  Probe x3  
  78  14:12  Assimilator  
  54  15:13  Phoenix  
  54  15:14  Phoenix x2  
  58  15:38  Phoenix  
  58  15:39  Phoenix x2  
  64  15:45  Zealot x4  
  64  15:46  Zealot x4  
  64  15:47  Zealot x2  
  64  15:48  Zealot x2  
  88  16:02  Templar Archives  
  88  16:03  Phoenix  
  88  16:04  Phoenix x2  
  77  16:15  Stalker x2  
  77  16:16  Stalker x4  
  77  16:17  Stalker x4  
  77  16:18  Stalker x2  
Show
View Real Time Build Order
Export as new Build Order

EnTaroTofu Protoss 

Build Orders:  

Get SALT Encoding   

  12  0:02  Probe  
  13  0:17  Probe  
  13  0:21  Pylon  
  14  0:29  Probe  
  14  0:33  Assimilator  
  15  0:39  Probe  
  15  0:40  Gateway  
  15  0:48  Probe  
  16  0:54  Assimilator  
  17  0:58  Probe  
  18  1:10  Probe  
  19  1:23  Probe  
  20  1:32  Cybernetics Core  
  20  1:33  Pylon  
  20  1:35  Probe  
  22  1:47  Probe  
  22  2:09  Robotics Facility  
  22  2:10  Robotics Facility  
  22  2:14  Pylon  
  22  2:16  Warp Gate  
  22  2:20  Pylon  
  22  2:47  Warp Prism  
  22  2:58  Immortal  
  28  3:13  Immortal  
  32  3:29  Probe  
  33  3:37  Robotics Bay  
  33  3:39  Pylon  
  33  3:56  Forge  
  33  4:05  Immortal  
  37  4:24  Gravitic Drive  
  37  4:29  Protoss Ground Weapons Level 1  
  37  5:44  Immortal x2  
  45  5:51  Stargate  
  45  6:07  Nexus  
  45  6:10  Assimilator  
  45  6:16  Probe  
  46  6:23  Immortal x2  
  54  6:28  Probe  
  55  6:37  Protoss Shields Level 1  
  55  6:56  Probe  
  55  6:59  Phoenix  
  48  7:15  Probe  
  49  7:20  Pylon  
  49  7:21  Probe  
  50  7:22  Phoenix  
  50  7:23  Pylon  
  52  7:32  Protoss Air Weapons Level 1, Fleet Beacon  
  52  7:33  Probe  
  53  7:45  Probe  
  54  7:51  Probe  
  54  7:57  Assimilator  
  55  8:00  Photon Cannon  
  55  8:05  Phoenix  
  55  8:11  Shield Battery  
  57  8:16  Probe x2  
  59  8:22  Phoenix  
  59  8:28  Probe x2  
  59  8:31  Anion Pulse-Crystals  
  63  8:40  Probe x2  
  65  8:43  Phoenix  
  65  8:45  Observer  
  68  9:00  Phoenix  
  70  9:12  Twilight Council  
  70  9:14  Pylon, Probe x2  
  72  9:25  Phoenix  
  72  9:26  Probe x2  
  76  9:50  Phoenix  
  64  11:19  Phoenix  
  58  11:31  Protoss Shields Level 2  
  56  11:35  Stargate  
  56  11:42  Phoenix  
  58  11:47  Protoss Air Weapons Level 2  
  58  12:07  Phoenix  
  60  12:12  Nexus  
  60  12:14  Assimilator  
  60  12:18  Assimilator  
  60  12:21  Pylon  
  60  12:24  Pylon  
  60  12:26  Phoenix  
  62  12:32  Phoenix, Probe x2  
  66  12:44  Probe x2  
  66  12:49  Cybernetics Core  
  68  12:51  Phoenix  
  68  12:56  Probe x2  
  68  12:57  Phoenix  
  74  13:01  Nexus  
  74  13:02  Pylon  
  74  13:06  Pylon  
  74  13:07  Stargate  
  74  13:08  Assimilator, Probe  
  75  13:13  Assimilator, Pylon  
  75  13:16  Phoenix  
  75  13:17  Probe  
  78  13:20  Probe  
  78  13:22  Phoenix  
  81  13:29  Probe  
  81  13:32  Probe  
  83  13:40  Resonating Glaives  
  83  13:41  Phoenix, Probe  
  83  13:46  Stargate  
  83  13:47  Phoenix  
  83  13:48  Stargate  
  88  13:53  Unknown  
  88  13:57  Phoenix  
  88  14:00  Probe  
  91  14:06  Phoenix  
  91  14:07  Protoss Air Armor Level 1  
  91  14:09  Probe  
  94  14:12  Phoenix  
  96  14:22  Phoenix  
  98  14:27  Pylon  
  98  14:29  Pylon  
  98  14:30  Pylon  
  123  14:31  Phoenix  
  98  14:35  Probe  
  98  14:36  Probe x3  
  98  14:37  Phoenix  
  106  14:38  Gravitic Boosters  
  106  14:45  Observer x2  
  106  14:47  Phoenix  
  110  15:00  Phoenix x3  
  110  15:02  Phoenix, Observer x2  
  120  15:39  Void Ray x2  
Show
View Real Time Build Order
Export as new Build Order

Oriius Terran 

Build Orders:  

Get SALT Encoding   

  12  0:04  SCV  
  13  0:16  SCV  
  14  0:22  Supply Depot  
  14  0:28  SCV  
  15  0:44  SCV  
  15  0:45  Barracks  
  16  0:50  Refinery  
  16  0:56  SCV  
  17  0:57  Refinery  
  17  1:08  SCV  
  18  1:20  SCV  
  19  1:32  SCV  
  20  1:40  Supply Depot  
  20  1:41  Factory  
  20  1:44  SCV  
  21  1:49  Marine  
  22  1:56  SCV  
  23  2:02  Supply Depot  
  23  2:08  SCV  
  24  2:22  Orbital Command  
  24  2:26  Marine  
  24  2:29  Hellion  
  27  2:47  Marine  
  27  2:51  Hellion  
  30  3:11  Command Center  
  30  3:12  Factory Tech Lab  
  30  3:16  Marine  
  31  3:20  SCV  
  32  3:32  SCV  
  33  3:44  SCV  
  34  3:57  SCV  
  35  4:09  SCV  
  32  4:12  Engineering Bay  
  32  4:17  Barracks Tech Lab  
  32  4:21  SCV  
  33  4:25  Barracks  
  33  4:27  Starport, Orbital Command  
  33  4:33  SCV  
  34  4:45  SCV  
  35  4:52  Siege Tank  
  38  4:55  SCV  
  38  4:57  SCV  
  40  5:07  Factory, SCV  
  40  5:09  Missile Turret, SCV  
  40  5:11  Starport Reactor  
  40  5:13  Barracks Reactor, Stimpack  
  42  5:14  Missile Turret  
  42  5:15  Marine  
  42  5:19  SCV  
  44  5:21  SCV  
  44  5:24  Supply Depot  
  44  5:28  Supply Depot  
  45  5:30  Supply Depot  
  45  5:33  Marine  
  46  5:35  Refinery  
  46  5:37  Refinery  
  46  5:38  Bunker  
  46  5:39  Missile Turret x2  
  46  5:44  SCV  
  46  5:47  SCV  
  48  5:51  Marine  
  48  5:56  SCV  
  50  5:59  SCV  
  50  6:02  Missile Turret  
  51  6:04  Factory Tech Lab  
  51  6:08  Marine x3  
  54  6:13  SCV  
  55  6:25  SCV  
  56  6:26  Marine x3  
  56  6:27  Missile Turret  
  56  6:30  Siege Tank x2  
  65  6:37  SCV, Missile Turret  
  65  6:39  Medivac, Hi-Sec Auto Tracking, Missile Turret  
  68  6:40  Medivac  
  68  6:44  Marine  
  71  6:47  Missile Turret  
  71  6:49  Supply Depot  
  71  6:52  Combat Shield  
  71  7:01  Marine  
  71  7:02  Marine x2  
  74  7:09  Medivac  
  74  7:10  Medivac  
  78  7:19  Marine  
  78  7:20  Marine x2  
  81  7:37  Marine  
  81  7:38  Marine x2  
  84  7:55  Marine  
  84  7:56  SCV  
  86  8:03  Supply Depot  
  86  8:04  Supply Depot  
  86  8:07  Supply Depot  
  86  8:10  Refinery  
  86  8:12  Command Center  
  86  8:14  Refinery, Missile Turret  
  86  8:16  Missile Turret  
  86  8:25  Medivac x2, Marine x2, SCV x2  
  94  8:35  Missile Turret  
  94  8:37  Missile Turret, SCV x2  
  96  8:42  Marine x2  
  98  8:49  SCV  
  99  8:56  Barracks x2  
  99  8:58  Barracks  
  99  8:59  Barracks  
  99  9:00  Marine x2  
  101  9:03  Medivac x2  
  101  9:06  Terran Infantry Weapons Level 1  
  105  9:11  Engineering Bay  
  105  9:14  Armory  
  105  9:23  Siege Tank  
  108  9:24  Siege Tank  
  108  9:25  Orbital Command  
  111  9:32  Supply Depot  
  111  9:35  Supply Depot  
  111  9:36  Supply Depot  
  111  9:43  Barracks Reactor x2  
  111  9:44  Barracks Reactor  
  111  9:46  Barracks Reactor  
  111  9:55  Supply Depot  
  111  10:00  Supply Depot  
  111  10:01  Supply Depot  
  111  10:17  Marine x3  
  111  10:20  Supply Depot  
  114  10:30  Command Center, Refinery  
  114  10:32  Refinery  
  114  10:33  Missile Turret  
  114  10:35  Marine  
  115  10:39  Marine x9  
  115  10:40  Marine  
  125  10:48  Terran Infantry Armor Level 1  
  125  10:53  Marine  
  125  10:54  Missile Turret  
  125  10:55  Missile Turret  
  125  10:57  Marine x9, Missile Turret  
  124  11:02  Marine  
  134  11:10  Marine  
  128  11:11  Siege Tank x2  
  128  11:14  Marine  
  128  11:15  Marine x8  
  128  11:16  Missile Turret  
  138  11:19  Marine  
  138  11:20  Terran Infantry Weapons Level 2  
  138  11:28  Marine  
  138  11:32  Marine  
  138  11:33  Marine x8  
  138  11:37  Marine  
  146  11:46  Marine  
  141  11:47  Medivac x2  
  141  11:50  Marine  
  141  11:51  Marine x8  
  141  11:53  Supply Depot x2  
  151  11:55  Supply Depot, Marine, Orbital Command  
  151  11:57  Supply Depot  
  152  12:04  Marine  
  152  12:08  Marine x4  
  144  12:39  Medivac x2  
  144  12:43  Marine x6  
  144  12:44  Marine x5  
  121  13:00  Marine  
  121  13:01  Marine x10  
  132  13:09  Medivac x2  
  135  13:18  Marine, Siege Tank x2  
  135  13:19  Marine x10  
  147  13:36  Marine  
  147  13:37  Marine x10  
  147  13:39  Medivac x2  
  162  13:41  Terran Infantry Weapons Level 3  
  162  13:45  Terran Infantry Armor Level 2  
  162  13:50  Siege Tank x2  
  162  13:54  Marine x2  
  162  13:55  Marine x8  
  178  14:00  Concussive Shells  
  178  14:06  Marine  
  179  14:12  Marine x5  
  179  14:13  Marine x5  
  189  14:24  Marine  
  189  14:29  Marine  
  189  14:30  Marine x8  
  112  15:00  Marine x11  
  115  15:13  Siege Tank x2  
  121  15:17  Marine  
  121  15:18  Marine x10  
  113  15:35  Marine  
  113  15:36  Marine x10  
  124  15:45  Siege Tank x2  
  128  15:50  Medivac  
  128  15:51  Medivac  
  128  15:53  Marine  
  128  15:54  Marine x10  
  140  16:11  Marine x5  
  140  16:12  Marine x6  
  140  16:17  Siege Tank  
  154  16:20  Medivac x2  
  158  16:29  Marine x10  
  158  16:30  Command Center, Marine  
Show
View Real Time Build Order
Export as new Build Order

Osteoporosis Protoss 

Build Orders:  

Get SALT Encoding   

  12  0:11  Probe  
  13  0:16  Pylon  
  13  0:23  Probe  
  14  0:35  Gateway  
  14  0:40  Assimilator  
  14  0:49  Probe  
  15  1:01  Probe  
  16  1:13  Probe  
  16  1:17  Gateway  
  17  1:22  Cybernetics Core  
  17  1:26  Probe  
  18  1:38  Pylon  
  18  1:39  Probe  
  19  1:49  Warp Gate  
  19  1:51  Probe  
  20  2:16  Nexus  
  20  2:18  Probe  
  21  2:32  Adept x2  
  25  2:43  Assimilator  
  25  2:47  Probe  
  26  2:52  Pylon  
  26  2:59  Probe  
  27  3:11  Probe  
  28  3:17  Gateway  
  28  3:19  Gateway  
  28  3:30  Probe  
  29  3:39  Probe  
  29  3:48  Probe  
  30  3:49  Twilight Council  
  30  3:54  Probe  
  32  4:00  Probe  
  29  4:18  Probe x2  
  29  4:19  Stargate  
  29  4:21  Blink  
  29  4:22  Assimilator  
  31  4:26  Adept  
  31  4:27  Adept  
  31  4:30  Probe x2  
  37  4:36  Adept x2  
  41  4:39  Probe  
  41  4:40  Probe  
  43  4:57  Shield Battery  
  43  5:01  Pylon, Probe  
  43  5:02  Pylon, Probe  
  45  5:08  Phoenix  
  47  5:18  Adept x3  
  47  5:21  Adept  
  55  5:25  Phoenix  
  55  5:26  Probe x2  
  59  5:38  Probe x2  
  61  5:50  Forge, Probe x2  
  61  5:52  Forge  
  61  5:53  Phoenix  
  65  6:07  Assimilator  
  65  6:08  Probe x2  
  67  6:16  Charge  
  67  6:18  Sentry  
  67  6:21  Protoss Ground Armor Level 1, Protoss Ground Weapons Level 1  
  69  6:26  Pylon  
  69  6:28  Pylon  
  69  6:48  Phoenix  
  71  7:07  Photon Cannon  
  71  7:10  Photon Cannon  
  71  7:17  Dark Shrine  
  71  7:21  Sentry  
  71  7:22  Zealot x3  
  79  7:34  Phoenix  
  81  7:59  Pylon  
  81  8:00  Nexus  
  81  8:03  Assimilator, Zealot x2  
  85  8:07  Assimilator  
  85  8:15  Pylon  
  85  8:21  Shadow Stride  
  85  8:43  Dark Templar x4  
  93  8:54  Phoenix  
  95  9:01  Stargate  
  95  9:05  Fleet Beacon  
  95  9:19  Phoenix  
  97  9:26  Pylon  
  97  9:28  Pylon  
  93  9:53  Phoenix x2  
  93  10:10  Phoenix  
  93  10:11  Phoenix  
  93  10:16  Dark Templar x2  
  101  10:35  Phoenix  
  101  10:36  Phoenix  
  103  11:00  Phoenix x2  
  99  11:18  Phoenix x2  
  97  11:40  Phoenix x2  
  99  12:05  Phoenix x2  
  103  12:13  Dark Templar  
  103  12:14  Dark Templar x2  
  103  12:15  Dark Templar  
  111  12:30  Phoenix x2  
  115  12:55  Phoenix x2  
  111  13:12  Phoenix x2, Anion Pulse-Crystals  
  103  13:35  Phoenix  
  103  13:37  Dark Templar x4  
  113  13:42  Protoss Ground Armor Level 2, Protoss Ground Weapons Level 2  
  113  13:58  Protoss Air Weapons Level 1  
  111  14:39  Phoenix x2  
  103  15:04  Phoenix x2  
  107  15:21  Nexus  
  107  15:25  Assimilator  
  107  15:27  Assimilator  
  107  15:29  Phoenix x2  
  111  15:55  Stargate  
  111  15:56  Stargate  
  111  15:59  Zealot x3  
  113  16:25  Phoenix  
  113  16:26  Phoenix  
  115  16:40  Archon x2  
Tags
 
Add a new tag
Caveats
  • Supply blocks, unpowered buildings, or Contaminate may cause inaccurate times.
  • Supply counts are checked every 10 seconds.